HSSL
BISHOP AMAT HS @ BUTLER HS GOLDEN TORNADO
04/16/2030
 
TOP OF THE 1ST
Bishop Amat HS batting - Pitching for Butler HS Golden Tornado : RHP Willie McCain
Pitching: RHP Willie McCain
Batting: RHB Geoffrey Bishop 0-0: Swinging Strike
0-1: Ball
1-1: Hit by Pitch
Batting: SHB Bill Ríos 0-0: Ball
Geoffrey Bishop is caught stealing 2nd base
1-0: Called Strike
1-1: Ball
2-1: Foul Ball, location: 2F
2-2: Foul Ball, location: 2F
2-2: SINGLE (Flyball, 78S)
Batting: RHB George Guppy 0-0: Called Strike
0-1: Ball
1-1: Ball
2-1: Grounds into double play, 4-6-3 (Groundball, 4)
Top of the 1st over - 0 runs, 1 hit, 0 errors, 0 left on base; Bishop Amat HS 0 - Butler HS 0
BOTTOM OF THE 1ST
Butler HS Golden Tornado batting - Pitching for Bishop Amat HS : LHP Ryan Sawyer
Pitching: LHP Ryan Sawyer
Batting: RHB Nick Washington 0-0: Called Strike
0-1: Ball
1-1: Foul Ball, location: 2F
1-2: SINGLE (Line Drive, 89S)
Batting: RHB Blake Carpenter 0-0: Foul Ball, location: 2F
0-1: Ball
1-1: Swinging Strike
1-2: Fielders Choice at 2nd, 1-6 (Groundball, P)
Batting: LHB Francisco Sousa 0-0: Ball
1-0: Called Strike
1-1: SINGLE (Line Drive, 78M)
Blake Carpenter to second
Runner from 2nd tries for 3rd, SAFE, no throw
Batting: RHB Gary Estes 0-0: Ball
1-0: Grounds into double play, 6-4-3 (Groundball, 6)
Bottom of the 1st over - 0 runs, 2 hits, 0 errors, 1 left on base; Bishop Amat HS 0 - Butler HS 0
TOP OF THE 2ND
Bishop Amat HS batting - Pitching for Butler HS Golden Tornado : RHP Willie McCain
Batting: RHB José Cruz 0-0: Foul Ball, location: 2F
0-1: Ball
1-1: Foul Ball, location: 2F
1-2: Ball
2-2: Strikes out swinging
Batting: RHB Víctor Espinoza 0-0: Called Strike
0-1: Ball
1-1: Ball
2-1: Foul Ball, location: 2F
2-2: DOUBLE (Groundball, 5L)
Batting: RHB Josh Curry 0-0: Ball
1-0: Ball
2-0: Foul Ball, location: 2F
2-1: Foul Ball, location: 2F
2-2: Strikes out swinging
Batting: RHB Robbie Davis 0-0: Foul Ball, location: 2F
0-1: Ball
1-1: Foul Ball, location: 2F
1-2: Strikes out swinging
Top of the 2nd over - 0 runs, 1 hit, 0 errors, 1 left on base; Bishop Amat HS 0 - Butler HS 0
BOTTOM OF THE 2ND
Butler HS Golden Tornado batting - Pitching for Bishop Amat HS : LHP Ryan Sawyer
Batting: RHB Luis Mota 0-0: Foul Ball, location: 2F
0-1: Foul Ball, location: 2F
0-2: Ball
1-2: Strikes out looking
Batting: LHB Arturo Ruíz 0-0: Ground out 4-3 (Groundball, 4)
Batting: SHB Víctor Ortíz 0-0: Ball
1-0: Called Strike
1-1: Ball
2-1: Called Strike
2-2: Ball
3-2: Foul Ball, location: 2F
3-2: Base on Balls
Batting: LHB Chris Powell 0-0: Called Strike
0-1: Called Strike
0-2: Ball
1-2: Strikes out swinging
Bottom of the 2nd over - 0 runs, 0 hits, 0 errors, 1 left on base; Bishop Amat HS 0 - Butler HS 0
TOP OF THE 3RD
Bishop Amat HS batting - Pitching for Butler HS Golden Tornado : RHP Willie McCain
Batting: SHB Aubrey Robinson 0-0: Ball
1-0: Bunted foul
1-1: Ground out 4-3 (Groundball, 34D)
Batting: SHB Marcos Cardona 0-0: Called Strike
0-1: Ball
1-1: Swinging Strike
1-2: Strikes out swinging
Batting: RHB Geoffrey Bishop 0-0: Swinging Strike
0-1: Fly out, F8 (Flyball, 8LD)
Top of the 3rd over - 0 runs, 0 hits, 0 errors, 0 left on base; Bishop Amat HS 0 - Butler HS 0
BOTTOM OF THE 3RD
Butler HS Golden Tornado batting - Pitching for Bishop Amat HS : LHP Ryan Sawyer
Batting: RHB Michael Edmonds 0-0: Ball
1-0: SINGLE (Groundball, 4MD)
Batting: RHB Nick Washington 0-0: Foul Ball, location: 2F
0-1: Ball
1-1: Ball
2-1: Fielders Choice at 2nd, 5-4 (Groundball, 56)
Batting: RHB Blake Carpenter 0-0: Ball
1-0: Swinging Strike
Nick Washington steals 2nd base
1-1: Ball
2-1: Foul Ball, location: 2F
2-2: SINGLE (Flyball, 8LS)
Nick Washington to third
Runner from 3rd tries for Home, SAFE, no throw
Batting: LHB Francisco Sousa 0-0: Ball
1-0: Ball
2-0: SINGLE (Groundball, 6) (infield hit)
Blake Carpenter to second
Batting: RHB Gary Estes 0-0: Called Strike
0-1: Ball
1-1: Swinging Strike
1-2: Ball
2-2: Ball
3-2: Foul Ball, location: 2F
3-2: Fly out, F9 (Flyball, 9S)
Batting: RHB Luis Mota 0-0: Swinging Strike
0-1: Ball
1-1: Foul Ball, location: 2F
1-2: Ball
2-2: Foul Ball, location: 2F
2-2: Ball
3-2: Foul Ball, location: 2F
3-2: Foul Ball, location: 2F
3-2: Base on Balls
Blake Carpenter to third
Francisco Sousa to second
Batting: LHB Arturo Ruíz 0-0: Called Strike
0-1: Ball
1-1: Foul Ball, location: 2F
1-2: Fly out, F7 (Flyball, 7S)
Bottom of the 3rd over - 1 run, 3 hits, 0 errors, 3 left on base; Bishop Amat HS 0 - Butler HS 1
TOP OF THE 4TH
Bishop Amat HS batting - Pitching for Butler HS Golden Tornado : RHP Willie McCain
Batting: SHB Bill Ríos 0-0: Called Strike
0-1: Ball
1-1: Ball
2-1: Swinging Strike
2-2: Ball
3-2: Foul Ball, location: 2F
3-2: Foul Ball, location: 2F
3-2: Ground out 5-3 (Groundball, 56)
Batting: RHB George Guppy 0-0: Foul Ball, location: 2F
0-1: Ball
1-1: Swinging Strike
1-2: DOUBLE (Flyball, 78D)
Batting: RHB José Cruz 0-0: SINGLE (Groundball, 6D)
George Guppy to third
Runner from 3rd tries for Home, SAFE, no throw
Batting: RHB Víctor Espinoza 0-0: Ball
1-0: Ball
2-0: Ball
3-0: Base on Balls
José Cruz to second
Pitching: LHP Carlos Ramírez
Batting: RHB Josh Curry 0-0: Ball
1-0: Ball
2-0: Called Strike
2-1: Fly out, F8 (Flyball, 8RM)
Batting: RHB Robbie Davis 0-0: Foul Ball, location: 2F
0-1: Foul Ball, location: 2F
0-2: Ball
1-2: Ground out 4-3 (Groundball, 4)
Top of the 4th over - 1 run, 2 hits, 0 errors, 2 left on base; Bishop Amat HS 1 - Butler HS 1
BOTTOM OF THE 4TH
Butler HS Golden Tornado batting - Pitching for Bishop Amat HS : LHP Ryan Sawyer
Batting: SHB Víctor Ortíz 0-0: Foul Ball, location: 2F
0-1: Ball
1-1: Ball
2-1: Foul Ball, location: 2F
2-2: Ball
3-2: Base on Balls
Batting: LHB Chris Powell 0-0: Called Strike
0-1: Swinging Strike
0-2: Strikes out looking
Batting: RHB Michael Edmonds 0-0: Called Strike
0-1: Foul Ball, location: 2F
0-2: Strikes out swinging
Batting: RHB Nick Washington 0-0: Called Strike
0-1: Called Strike
0-2: Ball
1-2: Ground out 1-3 (Groundball, P)
Bottom of the 4th over - 0 runs, 0 hits, 0 errors, 1 left on base; Bishop Amat HS 1 - Butler HS 1
TOP OF THE 5TH
Bishop Amat HS batting - Pitching for Butler HS Golden Tornado : LHP Carlos Ramírez
Batting: SHB Aubrey Robinson 0-0: Ball
1-0: Ball
2-0: Ball
3-0: Base on Balls
Batting: SHB Marcos Cardona 0-0: Ball
1-0: Foul Ball, location: 2F
1-1: Ball
2-1: Ball
3-1: Base on Balls
Aubrey Robinson to second
Batting: RHB Geoffrey Bishop 0-0: Ball
1-0: Ground out 5-3 (Groundball, 56S)
Aubrey Robinson to third
Marcos Cardona to second
Batting: SHB Bill Ríos 0-0: SINGLE (Line Drive, 8LS)
Aubrey Robinson scores
Marcos Cardona to third
Runner from 3rd tries for Home, SAFE, no throw
Batting: RHB George Guppy 0-0: Grounds into double play, 5-4-3 (Groundball, 56)
Top of the 5th over - 2 runs, 1 hit, 0 errors, 0 left on base; Bishop Amat HS 3 - Butler HS 1
BOTTOM OF THE 5TH
Butler HS Golden Tornado batting - Pitching for Bishop Amat HS : LHP Ryan Sawyer
Batting: RHB Blake Carpenter 0-0: Ball
1-0: Foul Ball, location: 2F
1-1: SINGLE (Groundball, 25) (infield hit)
Pitching: RHP Edward Jones
Batting: LHB Francisco Sousa 0-0: Ball
1-0: Ball
2-0: Called Strike
2-1: Ball
3-1: Swinging Strike
3-2: Ground out U3 (Groundball, 3)
Blake Carpenter to second
Batting: RHB Gary Estes 0-0: Ball
1-0: Ground out 6-3 (Groundball, 6)
Batting: RHB Luis Mota 0-0: Ball
1-0: Called Strike
1-1: Foul Ball, location: 2F
1-2: Strikes out swinging
Bottom of the 5th over - 0 runs, 1 hit, 0 errors, 1 left on base; Bishop Amat HS 3 - Butler HS 1
TOP OF THE 6TH
Bishop Amat HS batting - Pitching for Butler HS Golden Tornado : LHP Carlos Ramírez
Batting: RHB José Cruz 0-0: Ball
1-0: Foul Ball, location: 2F
1-1: Foul Ball, location: 2F
1-2: Strikes out looking
Batting: RHB Víctor Espinoza 0-0: Foul Ball, location: 2F
0-1: Ball
1-1: Foul Ball, location: 2F
1-2: Strikes out swinging
Batting: RHB Josh Curry 0-0: Ball
1-0: Ground out 3-1 (Groundball, 23)
Top of the 6th over - 0 runs, 0 hits, 0 errors, 0 left on base; Bishop Amat HS 3 - Butler HS 1
BOTTOM OF THE 6TH
Butler HS Golden Tornado batting - Pitching for Bishop Amat HS : RHP Edward Jones
Batting: LHB Arturo Ruíz 0-0: Ball
1-0: Ball
2-0: Foul Ball, location: 2F
2-1: Foul Ball, location: 2F
2-2: Ball
3-2: Foul Ball, location: 2F
3-2: Foul Ball, location: 2F
3-2: SINGLE (Groundball, 4D)
Batting: SHB Víctor Ortíz 0-0: Ball
1-0: Called Strike
1-1: Swinging Strike
1-2: Foul Ball, location: 2F
1-2: Strikes out swinging
Batting: LHB Chris Powell 0-0: Ball
1-0: Ball
2-0: Ball
3-0: Base on Balls
Arturo Ruíz to second
Batting: RHB Michael Edmonds 0-0: Ball
Arturo Ruíz steals 3rd base
1-0: Foul Ball, location: 2F
1-1: Ball
2-1: Reached on error, E5 (Groundball, 56)
Arturo Ruíz scores
Chris Powell to second
Batting: RHB Nick Washington 0-0: Called Strike
0-1: Called Strike
0-2: Foul Ball, location: 2F
0-2: Ball
1-2: Fly out, F3 (Popup, 3SF)
Batting: RHB Blake Carpenter 0-0: Ball
1-0: Called Strike
1-1: Fly out, F8 (Flyball, 8LXD)
Bottom of the 6th over - 1 run, 1 hit, 1 error, 2 left on base; Bishop Amat HS 3 - Butler HS 2
TOP OF THE 7TH
Bishop Amat HS batting - Pitching for Butler HS Golden Tornado : LHP Carlos Ramírez
Batting: RHB Robbie Davis 0-0: Called Strike
0-1: Foul Ball, location: 2F
0-2: Ball
1-2: Foul Ball, location: 2F
1-2: Ball
2-2: Ball
3-2: Foul Ball, location: 2F
3-2: Base on Balls
Batting: SHB Aubrey Robinson 0-0: Bunt missed!
0-1: Bunt missed!
0-2: Ball
1-2: Foul Ball, location: 2F
1-2: Fly out, F9 (Flyball, 9S)
Batting: SHB Marcos Cardona 0-0: Called Strike
0-1: SINGLE (Groundball, 34D)
Robbie Davis to second
Runner from 2nd tries for 3rd, SAFE, no throw
Batting: RHB Geoffrey Bishop 0-0: Called Strike
0-1: SINGLE (Flyball, 89M)
Robbie Davis scores
Marcos Cardona to second
Pitching: RHP Luis Morán
Batting: SHB Bill Ríos 0-0: Foul Ball, location: 2F
0-1: Swinging Strike
0-2: Foul Ball, location: 2F
0-2: Ball
1-2: Foul Ball, location: 2F
1-2: Fly out, F3 (Line Drive, 3)
Batting: RHB George Guppy 0-0: Ball
1-0: Ball
2-0: Foul Ball, location: 2F
2-1: Ball
3-1: Called Strike
3-2: Base on Balls
Marcos Cardona to third
Geoffrey Bishop to second
Batting: RHB José Cruz 0-0: Called Strike
0-1: Swinging Strike
0-2: Ball
1-2: Strikes out looking
Top of the 7th over - 1 run, 2 hits, 0 errors, 3 left on base; Bishop Amat HS 4 - Butler HS 2
BOTTOM OF THE 7TH
Butler HS Golden Tornado batting - Pitching for Bishop Amat HS : RHP Edward Jones
Batting: LHB Francisco Sousa 0-0: Foul Ball, location: 2F
0-1: Ground out U3 (Groundball, 3)
Batting: RHB Gary Estes 0-0: Called Strike
0-1: DOUBLE (Line Drive, 78S)
Pitching: LHP Kevin Preston
Batting: RHB Luis Mota 0-0: Ball
1-0: Called Strike
1-1: Ball
2-1: Swinging Strike
2-2: Foul Ball, location: 2F
2-2: Foul Ball, location: 2F
2-2: Strikes out swinging
Batting: LHB Arturo Ruíz 0-0: Called Strike
0-1: Ball
1-1: Ground out 4-3 (Groundball, 4)
Bottom of the 7th over - 0 runs, 1 hit, 0 errors, 1 left on base; Bishop Amat HS 4 - Butler HS 2
TOP OF THE 8TH
Bishop Amat HS batting - Pitching for Butler HS Golden Tornado : RHP Luis Morán
Batting: RHB Víctor Espinoza 0-0: Ball
1-0: SINGLE (Line Drive, 7)
Batting: RHB Josh Curry 0-0: Called Strike
0-1: Fly out, F8 (Flyball, 8RD)
Batting: RHB Robbie Davis 0-0: DOUBLE (Flyball, 8RD)
Víctor Espinoza to third
Batting: SHB Aubrey Robinson 0-0: Intentional Walk
Pinch Hitting: RHB Bill Bailey 0-0: Ball
1-0: SINGLE (Line Drive, 4MD)
Víctor Espinoza scores
Robbie Davis to third
Aubrey Robinson to second
Runner from 3rd tries for Home, throw and OUT!
Batting: RHB Geoffrey Bishop 0-0: Called Strike
0-1: Ball
1-1: Ball
2-1: Called Strike
2-2: Foul Ball, location: 2F
2-2: Ball
3-2: SINGLE (Flyball, 8RS)
Aubrey Robinson to third
Bill Bailey to second
Aubrey Robinson scores
Bill Bailey to third
Batting: SHB Bill Ríos 0-0: Foul Ball, location: 2F
0-1: Foul Ball, location: 2F
0-2: Ground out 6-3 (Groundball, 6M)
Top of the 8th over - 2 runs, 4 hits, 0 errors, 2 left on base; Bishop Amat HS 6 - Butler HS 2
BOTTOM OF THE 8TH
Butler HS Golden Tornado batting - Pitching for Bishop Amat HS : LHP Kevin Preston
Now at SS: Manuel Díaz
Batting: SHB Víctor Ortíz 0-0: Fly out, F7 (Flyball, 7LDF)
Batting: LHB Chris Powell 0-0: Called Strike
0-1: Swinging Strike
0-2: Ball
1-2: Ball
2-2: Strikes out swinging
Batting: RHB Michael Edmonds 0-0: Ball
1-0: Foul Ball, location: 2F
1-1: Ball
2-1: SINGLE (Groundball, 4MD)
Batting: RHB Nick Washington 0-0: Called Strike
0-1: Foul Ball, location: 2F
0-2: Ball
1-2: Ball
2-2: Ball
3-2: Foul Ball, location: 2F
3-2: Ground out 4-3 (Groundball, 34)
Bottom of the 8th over - 0 runs, 1 hit, 0 errors, 1 left on base; Bishop Amat HS 6 - Butler HS 2
TOP OF THE 9TH
Bishop Amat HS batting - Pitching for Butler HS Golden Tornado : RHP Luis Morán
Batting: RHB George Guppy 0-0: Ball
1-0: Foul Ball, location: 2F
1-1: Foul Ball, location: 2F
1-2: SINGLE (Groundball, 6MD)
Batting: RHB José Cruz 0-0: Foul Ball, location: 2F
0-1: Ball
1-1: Fly out, F7 (Flyball, 78M)
Batting: RHB Víctor Espinoza 0-0: Foul Ball, location: 2F
0-1: Ball
1-1: Swinging Strike
1-2: Strikes out swinging
Batting: RHB Josh Curry 0-0: Fly out, F7 (Line Drive, 7)
Top of the 9th over - 0 runs, 1 hit, 0 errors, 1 left on base; Bishop Amat HS 6 - Butler HS 2
BOTTOM OF THE 9TH
Butler HS Golden Tornado batting - Pitching for Bishop Amat HS : LHP Kevin Preston
Batting: RHB Blake Carpenter 0-0: Swinging Strike
0-1: Ball
1-1: Foul Ball, location: 2F
1-2: Foul Ball, location: 2F
1-2: Ball
2-2: Ball
3-2: Base on Balls
Batting: LHB Francisco Sousa 0-0: Ball
1-0: Swinging Strike
1-1: Ball
2-1: Called Strike
2-2: DOUBLE (Flyball, 78XD)
Blake Carpenter to third
Batting: RHB Gary Estes 0-0: SINGLE (Line Drive, 6D)
Blake Carpenter scores
Francisco Sousa to third
Batting: RHB Luis Mota 0-0: Ball
1-0: Ball
2-0: Ball
3-0: Called Strike
3-1: Base on Balls
Gary Estes to second
Pinch Hitting: RHB Miguel Gómes 0-0: Ball
1-0: Foul Ball, location: 2F
1-1: Called Strike
1-2: Ball
2-2: Foul Ball, location: 2F
2-2: Foul Ball, location: 2F
2-2: Ball
3-2: Grounds into double play, 6-4-3 (Groundball, 56)
Francisco Sousa scores
Gary Estes to third
Pitching: RHP Marlon Moreno
Batting: SHB Víctor Ortíz 0-0: Ball
1-0: Ball
2-0: SINGLE (Groundball, 6D)
Gary Estes scores
Batting: LHB Chris Powell 0-0: Ball
1-0: Ball
2-0: Called Strike
2-1: Called Strike
2-2: Fly out, F1 (Line Drive, 13)
Bottom of the 9th over - 3 runs, 3 hits, 0 errors, 1 left on base; Bishop Amat HS 6 - Butler HS 5
Saturday, April 7th, 2018 - OOTP Baseball 18.8 Build 76